 Dungeon Crawl Stone Soup version 0.28.0-47-ge53b351184 (webtiles) character file.

Game seed: 640771429043850028

406 Allula97 the Grave Robber (level 6, -8/44 HPs)
             Began as a Demonspawn Necromancer on Apr 28, 2022.
             Mangled by a mummy (15 damage)
             ... in an ossuary.
             The game lasted 00:12:26 (4886 turns).

Allula97 the Grave Robber (Demonspawn Necromancer)  Turns: 4886, Time: 00:12:26

Health: -8/44      AC:  4    Str:  8    XL:     6   Next: 56%
Magic:  11/11      EV: 13    Int: 19    God:
Gold:   254        SH:  4    Dex: 19    Spells: 7/12 levels left

rFire   x . .      SeeInvis .   i - +0 rapier
rCold   + . .      Faith    .   (no shield)
rNeg    . . .      Spirit   .   a - +1 robe
rPois   .          Reflect  .   (no helmet)
rElec   .          Harm     .   (no cloak)
rCorr   .          Rampage  .   (no gloves)
Will    .....                   (no boots)
Stlth   ++........              (no amulet)
HPRegen 0.14/turn               c - +6 ring of dexterity
MPRegen 0.12/turn               p - ring of ice

@: on berserk cooldown, slowed, very slow
A: foul stench 1, sharp scales 1, condensation shield
a: no special abilities


You were in an ossuary.
You visited 1 branch of the dungeon, and saw 5 of its levels.
You also visited: Ossuary.

You collected 254 gold pieces.

Inventory:

Hand Weapons
 i - a +0 rapier (weapon)
Missiles
 e - 6 poisoned darts
Armour
 a - a +1 robe (worn)
Magical Staves
 m - a staff of earth
Jewellery
 c - a +6 ring of dexterity (left hand)
 j - a ring of fire
 p - a ring of ice (right hand)
 s - a ring of willpower
Scrolls
 b - a scroll of blinking {unknown}
 d - a scroll of fear {unknown}
 h - a scroll of torment {unknown}
 o - 2 scrolls of teleportation
Potions
 f - a potion of mutation {unknown}
 g - 2 potions of lignification


   Skills:
 * Level 2.0 Fighting
 * Level 1.5 Short Blades
 * Level 2.0 Armour
 * Level 2.4 Dodging
 + Level 2.3 Stealth
 + Level 0.2 Shields
 * Level 3.6 Spellcasting
 * Level 5.7 Necromancy


You had 7 spell levels left.
You knew the following spells:

 Your Spells              Type           Power      Damage    Failure   Level
a - Pain                  Necr           100%       1d9       1%          1
b - Animate Skeleton      Necr           50%        N/A       1%          1
c - Vampiric Draining     Necr           25%        2d7       4%          3

Your spell library contained the following spells:

 Spells                   Type           Power      Damage    Failure   Level
 Animate Dead             Necr           12%        N/A       13%         4
 Agony                    Necr           25%        N/A       36%         5
 Ozocubu's Armour         Ice            5%         N/A       41%         3
 Tukima's Dance           Hex            3%         N/A       41%         3
 Passage of Golubria      Tloc           3%         N/A       82%         4
 Metabolic Englaciation   Hex/Ice        2%         N/A       99%         5
 Yara's Violent Unravell  Hex/Tmut       1%         3d3       99%         5
 Simulacrum               Ice/Necr       10%        N/A       100%        6


Dungeon Overview and Level Annotations

Branches:
Dungeon (5/15)            Ossuary (1/1)
 Temple: D:4-7

Altars:
Gozag
Nemelex Xobeh
Xom


Innate Abilities, Weirdness & Mutations

You may rarely emit foul miasma when damaged in melee.
You are partially covered in razor-sharp scales. (AC +1, Slay +1)
A meltable shield of frost defends you. (SH +4)


Message History

You block the mummy's attack. The gnoll zombie barely misses you.
The mummy hits you!
* * * LOW HITPOINT WARNING * * *
Your Armour skill increases to level 2!
You barely miss the gnoll zombie. The gnoll zombie barely misses you.
The mummy barely misses you.
You hit the gnoll zombie.
The gnoll zombie is moderately damaged.
The gnoll zombie hits you but does no damage.
The gnoll zombie barely misses you.
You hit the gnoll zombie.
The gnoll zombie is severely damaged.
The mummy closely misses you. You block the mummy's attack.
You puncture the gnoll zombie!
You destroy the gnoll zombie!
You block the gnoll zombie's attack.
You hit the gnoll zombie.
The gnoll zombie is heavily damaged.
The mummy barely misses you.
You barely miss the gnoll zombie.
The gnoll zombie is heavily damaged.
You barely miss the gnoll zombie.
The gnoll zombie is heavily damaged.
The gnoll zombie hits you.
* * * LOW HITPOINT WARNING * * *
You emit a cloud of foul miasma!
The mummy closely misses you.
You barely miss the mummy. You puncture the mummy!
The mummy is heavily damaged.
You are no longer berserk.
You are exhausted.
You feel yourself slow down. The mummy hits you.
* * * LOW HITPOINT WARNING * * *
You hit the mummy.
The mummy is severely damaged.
The mummy barely misses you. You block the mummy's attack.
You hit the mummy.
The mummy is almost destroyed.
The mummy closely misses you. The mummy hits you!
You die...

......M....
#........
#......
#....#
#....#
#....#
#....#
#....#
#..M@#
#..MM#
#...Z#
#.∩∩.#
######


You could see 3 mummies and a gnoll zombie.

Vanquished Creatures
  A centaur (D:4)
  A phantom (D:4)
  A jelly (D:4)
  A hound (D:4)
  An iguana (D:4)
  A mummy (Ossuary)
  6 adders
  An ufetubus (D:4)
  An adder skeleton (D:4)
  A dart slug (D:1)
  4 orcs (D:3)
  4 endoplasms
  2 giant cockroaches
  2 gnoll zombies (Ossuary)
  4 goblins
  2 hobgoblins
  7 ball pythons
  7 bats
  3 frilled lizards (D:2)
  2 hobgoblin zombies (Ossuary)
  4 kobolds
  2 kobold zombies (Ossuary)
  An orc zombie (Ossuary)
  4 rats
63 creatures vanquished.

Vanquished Creatures (collateral kills)
  An orc priest (D:3)
  An orc (D:3)
2 creatures vanquished.

Grand Total: 65 creatures vanquished

Notes
Turn   | Place    | Note
-------+----------+-------------------------------------------
     0 | D:1      | Allula97 the Demonspawn Necromancer began the quest for the
                  | Orb.
     0 | D:1      | Reached XP level 1. HP: 13/13 MP: 3/3
     5 | D:1      | Learned a level 1 spell: Animate Skeleton
   336 | D:1      | Reached skill level 1 in Armour
   747 | D:1      | Gained mutation: You are partially covered in razor-sharp
                  | scales. (AC +1, Slay +1) [demonic ancestry]
   747 | D:1      | Reached XP level 2. HP: 19/20 MP: 3/5
   748 | D:1      | Reached skill level 1 in Fighting
  1762 | D:2      | Reached XP level 3. HP: 26/26 MP: 6/6
  2586 | D:3      | Gained mutation: You may rarely emit foul miasma when
                  | damaged in melee. [demonic ancestry]
  2586 | D:3      | Reached XP level 4. HP: 29/32 MP: 4/7
  2593 | D:3      | Reached skill level 5 in Necromancy
  2605 | D:3      | Found an opulent altar of Gozag.
  3018 | D:3      | Found a faded altar of an unknown god.
  3026 | D:3      | Found a shimmering altar of Xom.
  3622 | D:4      | Gained mutation: A meltable shield of frost defends you.
                  | (SH +4) [demonic ancestry]
  3622 | D:4      | Reached XP level 5. HP: 29/37 MP: 7/9
  3696 | D:4      | Noticed a phantom
  3732 | D:4      | HP: 2/55 [phantom (6)]
  3734 | D:4      | Killed a phantom
  3735 | D:4      | Reached skill level 1 in Short Blades
  4072 | D:4      | Learned a level 3 spell: Vampiric Draining
  4072 | D:4      | Noticed a centaur
  4077 | D:4      | Killed a centaur
  4078 | D:4      | Reached XP level 6. HP: 33/44 MP: 2/11
  4809 | D:5      | Entered Level 5 of the Dungeon
  4809 | D:5      | Found a sand-covered staircase.
  4814 | D:5      | Found a sparkling altar of Nemelex Xobeh.
  4829 | Ossuary  | Entered an ossuary
  4886 | Ossuary  | Mangled by a mummy

Illustrated notes

Levels and vault maps discovered:
D:1:      mrwooster_arrival_statue_3, layout_basic
D:2:      layout_rooms
D:3:      layout_basic, mainiacjoe_overflow_catwalk,
          nicolae_overflow_ecumenical_swirl
D:4:      layout_loops_cross, minmay_vboxes
D:5:      layout_rooms, nemelex_diamond_rough_becter,
          nicolae_yredelemnul_corpse_copse, serial_shops, nicolae_shop_trees,
          enter_ossuary_1, hex_large
Ossuary:  ossuary_tomb_3

Skill      XL: |  1  2  3  4  5  6 |
---------------+-------------------+-----
Armour         | 1 2 |  2.0
Fighting       | 1 2 |  2.0
Dodging        | 2 |  2.4
Necromancy     | 5 |  5.7
Spellcasting   | 3 |  3.6
Short Blades   | 1 |  1.5
Stealth        | 2 |  2.3
Shields        | |  0.2

Action                   |  1- 3 |  4- 6 || total
-------------------------+-------+-------++-------
Melee: Unarmed           |     7 |       ||     7
       Dagger            |    42 |    62 ||   104
       Punch             |       |     3 ||     3
       Rapier            |       |    70 ||    70
Throw: Dart              |     1 |       ||     1
 Cast: Pain              |    56 |    12 ||    68
       Animate Skeleton  |     3 |     2 ||     5
       Vampiric Draining |       |     6 ||     6
  Use: Potion            |       |     5 ||     5
       Scroll            |       |     5 ||     5
 Stab: Sleeping          |     4 |     6 ||    10
       Invisible         |       |     3 ||     3
Armor: Robe              |    12 |    22 ||    34
Dodge: Dodged            |    32 |    91 ||   123
Block: Other             |       |    26 ||    26
